General information
- name: BNet
- type: Ladder team game (AT/RT)
- host: Battle.net
- saver: Osama-Bin-Laden
map: Cherryville
- players: 8
- length: 47:33
- speed: Fast
- version: 1.26 W3XP
- replay type: Public
» download(274 KB)
Players
team 1 (loser)

»
whatitis (
teal | 34 APM | 1628 actions | 47:33)
5 Priestess of the Moon
2 Searing Arrows
3 Trueshot Aura
3 Keeper of the Grove
2 Entangling Roots
1 Thorns Aura
2 Dark Ranger
1 Silence
1 Life Drain
» actions
| Assign group hotkey | 51 | |
| Basic commands | 37 | |
| Build / train | 114 | |
| Enter build submenu | 17 | |
| Enter hero's abilities submenu | 11 | |
| Give item / drop item | 1 | |
| Remove unit from queue | 4 | |
| Right click | 507 | |
| Select / deselect | 470 | |
| Select group hotkey | 323 | |
| Use ability | 90 | |
1628 total
» units
| Wisp | 21 | |
| Archer | 11 | |
| Dryad | 25 | |
| Druid of the Talon | 17 | |
| Hippogryph | 4 | |
78 total
» upgrades
| Improved Bows | 1 | |
| Druid of the Talon Training | 2 | |
| Abolish Magic | 1 | |
| Strength of the Wild | 3 | |
| Reinforced Hides | 3 | |
| Resistant Skin | 0 | |
10 total
» buildings
| Altar of Elders | 1 | |
| Moon Well | 8 | |
| Ancient of War | 1 | |
| Tree of Ages | 1 | |
| Ancient of Wonders | 1 | |
| Tree of Life | 1 | |
| Hunter's Hall | 1 | |
| Ancient of Wind | 1 | |
| Ancient of Lore | 1 | |
| Tree of Eternity | 1 | |
17 total
» build order
00:08 Altar of Elders
00:12 Moon Well
00:24 Ancient of War
01:40 Moon Well
02:47 Moon Well
03:54 Tree of Ages
04:00 Ancient of Wonders
05:59 Moon Well
06:59 Tree of Life
07:11 Hunter's Hall
07:18 Ancient of Wind
08:20 Ancient of Lore
09:26 Tree of Eternity
10:55 Moon Well
15:29 Moon Well
19:20 Moon Well
22:37 Moon Well
» items
| Scroll of Town Portal | 4 | |
| Orb of Venom | 1 | |
5 total
Osama-Bin-Laden (
red | 80 APM | 3825 actions | 47:33)
8 Crypt Lord
3 Carrion Beetles
3 Spiked Carapace
1 Locust Swarm
1 Impale
6 Lich
3 Frost Nova
2 Frost Armor
1 Death and Decay
» actions
| Assign group hotkey | 74 | |
| Basic commands | 456 | |
| Build / train | 165 | |
| ESC pressed | 9 | |
| Enter build submenu | 56 | |
| Enter hero's abilities submenu | 14 | |
| Give item / drop item | 9 | |
| Right click | 1199 | |
| Select / deselect | 689 | |
| Select group hotkey | 782 | |
| Use ability | 372 | |
3825 total
» units
| Acolyte | 22 | |
| Ghoul | 8 | |
| Crypt Fiend | 10 | |
| Goblin Shredder | 1 | |
| Obsidian Statue | 3 | |
| Gargoyle | 9 | |
| Goblin Sapper | 6 | |
| Banshee | 1 | |
60 total
» upgrades
| Creature Attack | 3 | |
| Creature Carapace | 3 | |
| Burrow | 1 | |
| Web | 1 | |
| Destroyer Form | 1 | |
| Ghoul Frenzy | 1 | |
| Backpack | 1 | |
| Freezing Breath | 1 | |
| Unholy Armor | 3 | |
| Disease Cloud | 1 | |
| Stone Form | 1 | |
| Unholy Strength | 3 | |
| Exhume Corpses | 1 | |
| Cannibalize | 1 | |
| Banshee Training | 2 | |
| Necromancer Training | 2 | |
| Skeletal Longevity | 1 | |
| Skeletal Mastery | 1 | |
| Gunpowder | 1 | |
| Armor | 1 | |
| Masonry | 1 | |
31 total
» buildings
| Graveyard | 2 | |
| Crypt | 4 | |
| Altar of Darkness | 1 | |
| Ziggurat | 30 | |
| Tomb of Relics | 1 | |
| Nerubian Tower | 6 | |
| Halls of the Dead | 3 | |
| Spirit Tower | 19 | |
| Necropolis | 4 | |
| Black Citadel | 2 | |
| Sacrificial Pit | 2 | |
| Slaughterhouse | 1 | |
| Boneyard | 2 | |
| Temple of the Damned | 3 | |
| Lumber Mill | 1 | |
81 total
» build order
00:06 Graveyard
00:07 Graveyard
00:09 Crypt
00:41 Altar of Darkness
00:58 Ziggurat
01:11 Tomb of Relics
02:01 Ziggurat
02:24 Nerubian Tower
03:37 Ziggurat
05:59 Ziggurat
06:53 Halls of the Dead
06:53 Halls of the Dead
07:07 Ziggurat
07:11 Ziggurat
08:00 Ziggurat
08:02 Spirit Tower
08:03 Nerubian Tower
08:03 Nerubian Tower
08:06 Necropolis
08:15 Ziggurat
08:18 Ziggurat
08:26 Ziggurat
09:19 Spirit Tower
09:19 Spirit Tower
09:20 Spirit Tower
09:28 Spirit Tower
09:29 Spirit Tower
10:34 Black Citadel
10:34 Black Citadel
10:38 Sacrificial Pit
10:40 Slaughterhouse
10:47 Sacrificial Pit
13:04 Boneyard
13:08 Ziggurat
13:10 Ziggurat
13:16 Boneyard
15:42 Necropolis
17:29 Crypt
17:31 Crypt
17:32 Crypt
18:07 Spirit Tower
18:07 Spirit Tower
18:08 Spirit Tower
20:30 Necropolis
24:41 Ziggurat
24:42 Ziggurat
24:43 Ziggurat
24:44 Ziggurat
24:45 Ziggurat
24:46 Ziggurat
25:41 Nerubian Tower
25:41 Spirit Tower
25:42 Spirit Tower
25:42 Spirit Tower
25:43 Spirit Tower
26:06 Spirit Tower
27:11 Ziggurat
27:12 Ziggurat
27:12 Ziggurat
27:13 Ziggurat
27:13 Ziggurat
27:14 Ziggurat
27:16 Ziggurat
27:17 Ziggurat
27:58 Ziggurat
27:59 Ziggurat
28:00 Ziggurat
28:04 Ziggurat
30:03 Spirit Tower
30:04 Spirit Tower
32:16 Spirit Tower
32:17 Spirit Tower
36:46 Temple of the Damned
36:48 Temple of the Damned
36:51 Temple of the Damned
42:26 Lumber Mill
44:20 Necropolis
» items
| Rod of Necromancy | 1 | |
| Boots of Speed | 1 | |
| Scroll of Town Portal | 6 | |
| Potion of Invisibility | 1 | |
| Orb of Corruption | 1 | |
| Periapt of Vitality | 2 | |
| Staff of Teleportation | 1 | |
| Scroll of Protection | 1 | |
| Scroll of Healing | 1 | |
| Potion of Lesser Invulnerability | 1 | |
| Orb of Venom | 2 | |
18 total
tomha (
orange | 37 APM | 1400 actions | 38:18)
6 Keeper of the Grove
3 Force of Nature
1 Entangling Roots
1 Thorns Aura
1 Tranquility
3 Priestess of the Moon
1 Trueshot Aura
1 Scout
1 Searing Arrows
» actions
| Assign group hotkey | 35 | |
| Basic commands | 6 | |
| Build / train | 113 | |
| Enter build submenu | 42 | |
| Enter hero's abilities submenu | 9 | |
| Give item / drop item | 1 | |
| Right click | 625 | |
| Select / deselect | 439 | |
| Select group hotkey | 36 | |
| Use ability | 94 | |
1400 total
» units
| Wisp | 33 | |
| Huntress | 23 | |
| Dryad | 19 | |
| Archer | 1 | |
| Hippogryph | 15 | |
91 total
» upgrades
| Sentinel | 1 | |
| Abolish Magic | 1 | |
| Upgrade Moon Glaive | 1 | |
| Corrosive Breath | 1 | |
4 total
» buildings
| Moon Well | 9 | |
| Altar of Elders | 1 | |
| Hunter's Hall | 2 | |
| Ancient of War | 2 | |
| Ancient Protector | 14 | |
| Ancient of Wonders | 1 | |
| Tree of Ages | 1 | |
| Tree of Life | 4 | |
| Ancient of Lore | 1 | |
| Ancient of Wind | 1 | |
| Tree of Eternity | 1 | |
| Chimaera Roost | 2 | |
39 total
» build order
00:23 Moon Well
01:17 Moon Well
01:25 Altar of Elders
01:59 Hunter's Hall
02:08 Ancient of War
02:19 Moon Well
02:42 Ancient of War
03:23 Ancient Protector
03:36 Ancient Protector
05:52 Moon Well
06:13 Ancient of Wonders
06:39 Tree of Ages
07:14 Moon Well
07:35 Ancient Protector
08:14 Tree of Life
08:22 Moon Well
09:32 Moon Well
09:51 Ancient of Lore
09:57 Ancient of Wind
11:34 Tree of Eternity
14:22 Moon Well
15:46 Moon Well
16:58 Chimaera Roost
17:04 Ancient Protector
18:20 Ancient Protector
18:26 Ancient Protector
18:59 Chimaera Roost
20:33 Tree of Life
20:48 Tree of Life
22:59 Tree of Life
26:57 Ancient Protector
27:06 Ancient Protector
28:17 Ancient Protector
30:51 Ancient Protector
37:11 Ancient Protector
37:15 Ancient Protector
37:21 Ancient Protector
37:25 Ancient Protector
37:38 Hunter's Hall
» items
| Potion of Healing | 2 | |
| Scroll of Town Portal | 3 | |
5 total
pink_command (
blue | 44 APM | 1281 actions | 29:12)
4 Mountain King
2 Storm Bolt
2 Bash
3 Paladin
2 Holy Light
1 Divine Shield
2 Archmage
1 Brilliance Aura
1 Blizzard
» actions
| Assign group hotkey | 32 | |
| Basic commands | 2 | |
| Build / train | 99 | |
| ESC pressed | 1 | |
| Enter build submenu | 22 | |
| Enter hero's abilities submenu | 9 | |
| Remove unit from queue | 1 | |
| Right click | 349 | |
| Select / deselect | 416 | |
| Select group hotkey | 239 | |
| Use ability | 111 | |
1281 total
» units
| Peasant | 16 | |
| Footman | 9 | |
| Goblin Shredder | 1 | |
| Knight | 7 | |
| Sorceress | 6 | |
| Priest | 6 | |
| Spell Breaker | 2 | |
47 total
» upgrades
| Defend | 1 | |
| Masonry | 3 | |
| Lumber Harvesting | 2 | |
| Swords | 3 | |
| Plating | 3 | |
| Sorceress Training | 2 | |
| Priest Training | 2 | |
| Animal War Training | 1 | |
| Magic Sentry | 1 | |
| Control Magic | 1 | |
19 total
» buildings
| Altar of Kings | 1 | |
| Barracks | 2 | |
| Farm | 14 | |
| Lumber Mill | 1 | |
| Scout Tower | 14 | |
| Arcane Tower | 2 | |
| Guard Tower | 8 | |
| Town Hall | 1 | |
| Keep | 1 | |
| Blacksmith | 1 | |
| Arcane Vault | 1 | |
| Castle | 1 | |
| Arcane Sanctum | 2 | |
49 total
» build order
00:14 Altar of Kings
00:33 Barracks
00:46 Farm
01:10 Lumber Mill
01:29 Farm
02:13 Farm
02:18 Scout Tower
02:21 Scout Tower
03:00 Arcane Tower
03:33 Guard Tower
04:26 Farm
04:42 Town Hall
05:41 Keep
05:46 Blacksmith
05:54 Scout Tower
05:55 Scout Tower
05:56 Scout Tower
06:03 Scout Tower
06:03 Scout Tower
06:04 Scout Tower
06:25 Scout Tower
06:26 Scout Tower
06:29 Farm
06:33 Farm
06:34 Farm
06:37 Arcane Tower
06:40 Guard Tower
06:51 Guard Tower
07:17 Guard Tower
07:37 Guard Tower
08:02 Guard Tower
09:00 Farm
09:01 Farm
09:26 Barracks
09:38 Arcane Vault
10:43 Castle
11:29 Farm
11:30 Farm
11:32 Farm
11:34 Farm
12:26 Arcane Sanctum
12:32 Arcane Sanctum
14:36 Scout Tower
14:38 Scout Tower
14:38 Scout Tower
14:40 Scout Tower
15:07 Farm
15:21 Guard Tower
17:19 Guard Tower
» items
| Scroll of Town Portal | 4 | |
| Potion of Healing | 1 | |
| Orb of Fire | 2 | |
| Orb of Corruption | 1 | |
8 total
team 2 (winner)

»
atito23 (
green | 57 APM | 2707 actions | 47:33)
3 Archmage
2 Summon Water Elemental
1 Brilliance Aura
1 Demon Hunter
1 Mana Burn
» actions
| Assign group hotkey | 46 | |
| Basic commands | 9 | |
| Build / train | 78 | |
| ESC pressed | 3 | |
| Enter build submenu | 17 | |
| Enter hero's abilities submenu | 4 | |
| Right click | 1072 | |
| Select / deselect | 386 | |
| Select group hotkey | 1050 | |
| Use ability | 42 | |
2707 total
» units
| Peasant | 7 | |
| Footman | 13 | |
| Rifleman | 3 | |
| Dragonhawk Rider | 1 | |
| Gryphon Rider | 8 | |
| Priest | 4 | |
| Dryad | 17 | |
| Frost Wyrm | 4 | |
57 total
» upgrades
| Swords | 2 | |
| Plating | 1 | |
| Armor | 1 | |
| Storm Hammers | 1 | |
| Animal War Training | 1 | |
6 total
» buildings
| Altar of Kings | 1 | |
| Barracks | 1 | |
| Farm | 11 | |
| Blacksmith | 1 | |
| Keep | 1 | |
| Arcane Vault | 1 | |
| Lumber Mill | 1 | |
| Gryphon Aviary | 1 | |
| Castle | 1 | |
| Arcane Sanctum | 1 | |
20 total
» build order
00:07 Altar of Kings
00:10 Barracks
00:17 Farm
01:01 Farm
01:37 Farm
02:22 Farm
05:45 Blacksmith
05:46 Keep
06:26 Arcane Vault
06:50 Lumber Mill
08:27 Gryphon Aviary
08:29 Castle
10:31 Arcane Sanctum
11:02 Farm
11:03 Farm
13:28 Farm
13:28 Farm
15:08 Farm
15:09 Farm
15:10 Farm
» items
| Scroll of Regeneration | 1 | |
| Scroll of Town Portal | 1 | |
| Orb of Fire | 1 | |
| Potion of Healing | 1 | |
4 total
gila14 (
yellow | 28 APM | 585 actions | 20:58)
5 Death Knight
2 Unholy Aura
3 Death Coil
3 Lich
1 Frost Armor
2 Frost Nova
» actions
| Assign group hotkey | 20 | |
| Basic commands | 237 | |
| Build / train | 46 | |
| Enter build submenu | 15 | |
| Enter hero's abilities submenu | 8 | |
| Right click | 30 | |
| Select / deselect | 104 | |
| Select group hotkey | 87 | |
| Use ability | 38 | |
585 total
» units
| Acolyte | 8 | |
| Ghoul | 4 | |
| Crypt Fiend | 6 | |
| Obsidian Statue | 1 | |
| Frost Wyrm | 4 | |
23 total
» upgrades
| Creature Attack | 3 | |
| Creature Carapace | 2 | |
| Web | 1 | |
| Freezing Breath | 1 | |
7 total
» buildings
| Graveyard | 1 | |
| Crypt | 1 | |
| Ziggurat | 7 | |
| Altar of Darkness | 1 | |
| Halls of the Dead | 1 | |
| Tomb of Relics | 1 | |
| Black Citadel | 1 | |
| Slaughterhouse | 1 | |
| Sacrificial Pit | 1 | |
| Boneyard | 2 | |
17 total
» build order
00:14 Graveyard
00:19 Crypt
00:40 Ziggurat
01:12 Altar of Darkness
01:48 Ziggurat
03:55 Ziggurat
05:45 Halls of the Dead
05:51 Ziggurat
07:24 Tomb of Relics
08:20 Black Citadel
08:37 Slaughterhouse
08:40 Sacrificial Pit
11:42 Boneyard
11:45 Boneyard
11:48 Ziggurat
11:50 Ziggurat
11:53 Ziggurat
» items
| Orb of Corruption | 1 | |
| Scroll of Town Portal | 2 | |
| Orb of Fire | 1 | |
4 total
RabbityTickTock (
purple | 68 APM | 3208 actions | 47:28)
9 Archmage
3 Summon Water Elemental
3 Brilliance Aura
1 Mass Teleport
2 Blizzard
8 Mountain King
3 Storm Bolt
3 Bash
1 Avatar
1 Thunder Clap
» actions
| Assign group hotkey | 329 | |
| Basic commands | 146 | |
| Build / train | 113 | |
| Enter build submenu | 58 | |
| Enter hero's abilities submenu | 17 | |
| Give item / drop item | 22 | |
| Remove unit from queue | 2 | |
| Right click | 1398 | |
| Select / deselect | 547 | |
| Select group hotkey | 364 | |
| Use ability | 212 | |
3208 total
» units
| Peasant | 12 | |
| Footman | 4 | |
| Goblin Shredder | 3 | |
| Gryphon Rider | 13 | |
| Acolyte | 1 | |
33 total
» upgrades
| Masonry | 3 | |
| Swords | 3 | |
| Armor | 3 | |
| Animal War Training | 1 | |
| Storm Hammers | 1 | |
| Cloud | 1 | |
12 total
» buildings
| Altar of Kings | 1 | |
| Barracks | 1 | |
| Farm | 11 | |
| Arcane Vault | 2 | |
| Keep | 1 | |
| Town Hall | 4 | |
| Scout Tower | 25 | |
| Lumber Mill | 2 | |
| Arcane Tower | 1 | |
| Guard Tower | 7 | |
| Castle | 1 | |
| Gryphon Aviary | 5 | |
| Blacksmith | 3 | |
| Moon Well | 4 | |
68 total
» build order
00:39 Altar of Kings
00:41 Barracks
01:00 Farm
01:01 Farm
01:06 Farm
02:06 Farm
02:46 Arcane Vault
03:57 Keep
04:50 Town Hall
05:05 Farm
05:18 Scout Tower
05:20 Scout Tower
05:22 Scout Tower
05:23 Scout Tower
05:33 Lumber Mill
05:35 Scout Tower
06:07 Arcane Tower
07:07 Guard Tower
07:19 Castle
07:44 Scout Tower
07:45 Scout Tower
07:46 Scout Tower
07:47 Scout Tower
07:49 Scout Tower
07:49 Scout Tower
08:20 Farm
08:21 Farm
09:23 Guard Tower
09:50 Gryphon Aviary
09:51 Gryphon Aviary
09:53 Gryphon Aviary
09:56 Gryphon Aviary
10:00 Gryphon Aviary
10:11 Town Hall
10:15 Scout Tower
10:16 Scout Tower
10:20 Scout Tower
10:23 Scout Tower
10:25 Scout Tower
10:28 Scout Tower
10:28 Scout Tower
10:31 Scout Tower
10:33 Scout Tower
10:43 Guard Tower
10:52 Blacksmith
10:55 Blacksmith
10:58 Blacksmith
11:02 Guard Tower
11:21 Guard Tower
14:29 Guard Tower
14:30 Farm
14:31 Farm
14:33 Farm
14:39 Scout Tower
14:40 Scout Tower
14:40 Scout Tower
14:40 Scout Tower
14:41 Scout Tower
14:47 Farm
19:15 Arcane Vault
29:12 Moon Well
29:12 Moon Well
29:13 Moon Well
29:13 Moon Well
29:52 Town Hall
33:37 Guard Tower
38:33 Town Hall
40:42 Lumber Mill
» items
| Scroll of Regeneration | 8 | |
| Boots of Speed | 1 | |
| Potion of Healing | 6 | |
| Periapt of Vitality | 2 | |
| Staff of Teleportation | 2 | |
| Scroll of Town Portal | 8 | |
| Potion of Lesser Invulnerability | 2 | |
| Scroll of Healing | 2 | |
| Mechanical Critter | 2 | |
| Potion of Mana | 1 | |
34 total

»
somalischwag (
pink | 33 APM | 656 actions | 19:44)
6 Demon Hunter
2 Immolation
3 Evasion
1 Metamorphosis
» actions
| Basic commands | 5 | |
| Build / train | 51 | |
| Enter build submenu | 15 | |
| Enter hero's abilities submenu | 6 | |
| Right click | 247 | |
| Select / deselect | 281 | |
| Use ability | 51 | |
656 total
» units
| Wisp | 10 | |
| Archer | 6 | |
| Dryad | 13 | |
| Druid of the Claw | 3 | |
32 total
» upgrades
| Strength of the Wild | 2 | |
| Abolish Magic | 1 | |
| Reinforced Hides | 2 | |
| Druid of the Claw Training | 2 | |
| Mark of the Claw | 1 | |
8 total
» buildings
| Moon Well | 7 | |
| Altar of Elders | 1 | |
| Ancient of War | 1 | |
| Tree of Ages | 1 | |
| Hunter's Hall | 1 | |
| Ancient of Lore | 3 | |
| Tree of Eternity | 1 | |
15 total
» build order
00:52 Moon Well
00:55 Altar of Elders
00:58 Ancient of War
01:47 Moon Well
02:44 Tree of Ages
03:12 Hunter's Hall
03:45 Moon Well
05:12 Ancient of Lore
05:16 Ancient of Lore
05:25 Ancient of Lore
06:47 Moon Well
08:11 Tree of Eternity
14:18 Moon Well
15:14 Moon Well
17:01 Moon Well
» items
Chat log
(00:15 / Allies) whatitis: units
(00:16 / Allies) whatitis: ?
(00:16 / All) Osama-Bin-Laden: This game better be a bomb after waiting that long
(00:25 / All) Osama-Bin-Laden: with the explosiveness and thunder of falling towersd
(00:25 / All) RabbityTickTock: Loading up pornography, I may have some delay gentlemen
(00:45 / All) atito23: red, i will rape you just for choosing that name...
(00:46 / Allies) whatitis: so what units we getting boys
(00:47 / All) gila14: i thought you were dead?
(00:52 / All) RabbityTickTock: Let us all hope it isn't too unbearable
(01:03 / All) gila14: didnt the navy seals shoot you in the head?
(01:05 / All) Osama-Bin-Laden: I'm going to terrorise the 4v4 RT ladder tonight
(01:11 / All) RabbityTickTock: What's wrong with his name?
(01:15 / All) RabbityTickTock: He was a legend, 80 wives yes?
(01:18 / All) Osama-Bin-Laden: Terror on this glorious night
(01:28 / All) RabbityTickTock: Great man indeed
(01:32 / All) Osama-Bin-Laden: Yeah I had more pussy than 99% of WC3 players combined
(01:38 / All) Osama-Bin-Laden: All those Arabic bitches
(01:57 / All) gila14: but they are smelly though
(01:58 / Allies) whatitis: so
(02:00 / Allies) whatitis: units?
(02:07 / All) gila14: i'd rather whack off
(02:08 / Allies) Osama-Bin-Laden: Ones that make towers fall
(02:25 / All) RabbityTickTock: Brother, if they don't bathe they are beaten mercilessly
(02:37 / All) RabbityTickTock: it's our Western women that could learn from their Muslim counterparts
(02:42 / All) gila14: okay, that *does* kinda sound like fun
(04:17 / Allies) Osama-Bin-Laden: it's 1 player
(05:46 / Allies) tomha: ty
(08:21 / Allies) pink_command: well
(08:29 / Allies) pink_command: shoudl i go melle?
(08:33 / Allies) Osama-Bin-Laden: yeah
(08:43 / Allies) pink_command: good
(09:03 / Allies) whatitis: some1 get melee plz
(09:08 / Allies) pink_command: ill go
(09:39 / Allies) whatitis: meet
(10:00 / Allies) whatitis: this guy sucks
(10:02 / Allies) whatitis: lets hit them
(10:06 / Allies) whatitis: green is awful
(10:27 / Allies) whatitis: meet
(11:23 / All) Osama-Bin-Laden: I got superbeetles now
(11:30 / All) Osama-Bin-Laden: Osama is coming with his minions
(11:32 / All) Osama-Bin-Laden: his followers
(11:50 / All) Osama-Bin-Laden: i got spiked shells and dual regen rings dont focus me bro
(13:30 / Allies) whatitis: there awful
(13:34 / Allies) whatitis: regroup hit again and gg
(13:49 / Allies) tomha: meet
(14:22 / Allies) Osama-Bin-Laden: lemme do some invisicryptlord harass first
(15:18 / Allies) whatitis: meet everyone
(15:30 / All) Osama-Bin-Laden: invisicryptlord harass is so sick
(23:01 / Allies) whatitis: ?
(24:08 / Allies) whatitis: duded
(24:09 / Allies) whatitis: wtf
(24:23 / All) Osama-Bin-Laden: Sorry teal, you are an elf and must be purged from the spider kingdom
(24:57 / Allies) whatitis: why are u a dick
(25:02 / All) RabbityTickTock: TO BE CLEAR GREEN HAS PINK
(26:28 / Allies) whatitis: heh
(26:31 / Allies) whatitis: were gonna lose this
(26:37 / Allies) whatitis: because red backstabbed
(26:37 / All) Osama-Bin-Laden: Teal is trying to fight with his trees
(26:43 / Allies) whatitis: wow
(26:45 / Allies) whatitis: cant belioebve it
(26:52 / Allies) whatitis: thats retarded
(27:05 / Allies) whatitis: g
(27:06 / Allies) whatitis: gj
(27:08 / Allies) whatitis: gj red
(27:11 / Allies) whatitis: your a fuck up
(28:45 / Allies) whatitis: wow
(29:02 / Allies) whatitis: just dont get why red
(29:04 / Allies) pink_command: red stupid
(29:05 / Allies) whatitis: u like to lose?
(29:14 / All) Osama-Bin-Laden: I like to make 40 APM trash cry
(29:18 / All) Osama-Bin-Laden: I'm 0-0 I do not care about losing
(29:37 / Allies) whatitis: no actually ur worse than 0-0
(29:52 / Allies) whatitis: seeing how this will be a loss
(29:56 / All) Osama-Bin-Laden: I'm worse than 0-0? I'm fucking Osama Bin Laden, doesn't get badder than that
(30:07 / Allies) whatitis: go kill the other team wtf
(31:21 / All) RabbityTickTock: I told you
(31:28 / Allies) whatitis: just go kill them
(31:29 / All) RabbityTickTock: Don't hit that expo YOU fucking idiot
(31:36 / All) whatitis: GG
(31:40 / All) RabbityTickTock: you disobeyed my command
(31:52 / All) RabbityTickTock: I am the KING OF THE EAST
(32:00 / All) RabbityTickTock: KING OF THE TROLLS
(32:01 / Allies) whatitis: red you here this guy
(32:04 / Allies) whatitis: thinks hes the king
(32:04 / All) RabbityTickTock: EMPEROR OF BATTLE NET
(32:07 / Allies) whatitis: show em whos boss
(32:12 / All) Osama-Bin-Laden: Teal is talking to you in allied chat
(32:35 / Allies) whatitis: actually i was talking to u
(32:49 / All) Osama-Bin-Laden: Your English is bad enough that I can't tell
(33:34 / Allies) Osama-Bin-Laden: I see it. He is a peaceful warlord. Why would I attempt to fight him?
(33:42 / Allies) Osama-Bin-Laden: I am not a marauding savage like you uncouth heathens!
(34:00 / Allies) whatitis: he just killed two of your gargoles
(34:04 / Allies) whatitis: how is he peaceful
(34:13 / Allies) whatitis: and acos
(34:26 / Allies) Osama-Bin-Laden: I suicided those
(34:29 / Allies) Osama-Bin-Laden: A sacrifice
(34:35 / Allies) Osama-Bin-Laden: To join our peaceful kingdoms
(34:46 / Allies) whatitis: how old are you
(34:47 / Allies) whatitis: 12?
(35:08 / Allies) Osama-Bin-Laden: I am a Nerubian King. I am ageless.
(35:16 / Allies) whatitis: and we lose
(35:22 / Allies) whatitis: red you failed
(35:25 / Allies) Osama-Bin-Laden: The Spider Kingdom always reigns supreme.
(35:31 / Allies) whatitis: not this time
(35:33 / Allies) whatitis: YOU LOSE
(35:45 / All) Osama-Bin-Laden: Yellow is convinced that I have lost
(36:04 / Allies) whatitis: tp and asve him
(36:20 / All) Osama-Bin-Laden: I shall help my neighbour kill this heathen.
(36:50 / Allies) whatitis: u must have way too much free time on your hands
(37:40 / Allies) whatitis: run away
(37:43 / Allies) whatitis: like a little bithc
(38:24 / All) Osama-Bin-Laden: You still here, teal?
(39:23 / All) Osama-Bin-Laden: 3 rings of regeneration
(39:26 / All) RabbityTickTock: Tell green what's up
(39:37 / All) Osama-Bin-Laden: Alright teal and green listen up
(39:46 / All) Osama-Bin-Laden: Purple and I are comrades, we were in this from the start
(39:48 / All) Osama-Bin-Laden: The game was rigged
(39:52 / All) Osama-Bin-Laden: We will now kill everything
(39:54 / All) Osama-Bin-Laden: including our own stuff
(39:58 / All) Osama-Bin-Laden: and leave only 2 buildings
(40:01 / All) Osama-Bin-Laden: so neither side can win
(40:03 / All) Osama-Bin-Laden: Best Internet wins
(40:08 / All) Osama-Bin-Laden: Last one to leave leaves victorious
(40:11 / All) Osama-Bin-Laden: Sound fair?
(43:52 / All) Osama-Bin-Laden: Just the lumber mill now
(43:55 / All) Osama-Bin-Laden: It must finish
(43:58 / All) Osama-Bin-Laden: sending my last food too
(44:56 / All) RabbityTickTock: AGGRONOR THE MIGHTY
(45:03 / All) Osama-Bin-Laden: I have a ghoul somewhere
(45:16 / All) Osama-Bin-Laden: found it
(46:05 / All) Osama-Bin-Laden: My side is complete now
(46:18 / All) Osama-Bin-Laden: Good luck, everyone
(46:21 / All) Osama-Bin-Laden: LET IT BEGIN, LET IT BEGIN!